[Event "Tuesday 30 January Rapid Engine Tour 12+1 Rounds 9 Starts 1600 ST"]
[Site "Infinity Chess"]
[Date "2018.1.30"]
[Round "5"]
[White "star99"]
[Black "Satria_Ungu"]
[Result "1/2-1/2"]
[ECO "A40"]
[WhiteElo "2377"]
[BlackElo "2375"]
[WhiteEngine "Cryptic AIL V2"]
[BlackEngine "Houdini 6_CTG"]
[EventType "Swiss"]
[WhiteTeam ""]
[BlackTeam ""]
[PlyCount "125"]
[TimeControl "720+1"]

1. d4 c6 2. e4 d5 3. Nc3 dxe4 4. Nxe4 Bf5 5. Ng3 Bg6 6. Nf3 e6 7. Bc4 Bd6 
8. O-O Nf6 9. Qe2 Nbd7 10. c3 Qc7 11. Nh4 O-O 12. Bb3 b5 13. Nxg6 hxg6 
14. Be3 a5 15. a3 Rab8 16. Rfe1 c5 17. dxc5 Bxc5 18. Bd2 Be7 19. Nf1 Rfe8 
20. g3 Bc5 21. Bg5 a4 22. Bc2 Nh7 23. Be3 Bxe3 24. Qxe3 f5 25. h4 Nhf6 
26. Rad1 Ng4 27. Qf4 Qxf4 28. gxf4 Nb6 29. Bd3 Nd5 30. Be2 Nxf4 31. Bxg4 fxg4 
32. Nh2 Rf8 33. Nxg4 Rf5 34. f3 Rbf8 35. Re5 Rxe5 36. Nxe5 Rf5 37. Rd8+ Kh7 
38. Ng4 g5 39. hxg5 Kg6 40. Ne3 Rxg5+ 41. Kf2 Rc5 42. Rd4 Kg5 43. Rd7 g6 
44. Kg3 Nh5+ 45. Kf2 Nf4 46. Rf7 Nd3+ 47. Ke2 Nxb2 48. f4+ Kh4 49. Kf3 Nc4 
50. Nxc4 bxc4 51. Rh7+ Rh5 52. Rc7 g5 53. Rg7 gxf4 54. Kxf4 Rf5+ 55. Ke4 Rf2 
56. Rg6 Ra2 57. Rxe6 Rxa3 58. Kd4 Rb3 59. Ra6 Kg5 60. Rxa4 Kf6 61. Ra1 Rb8 
62. Re1 Rc8 63. Re3 1/2-1/2

[Event "Tuesday 30 January Rapid Engine Tour 12+1 Rounds 9 Starts 1600 ST"]
[Site "Infinity Chess"]
[Date "2018.1.30"]
[Round "5"]
[White "Dinkelberger"]
[Black "aficionado"]
[Result "1/2-1/2"]
[ECO "C00"]
[WhiteElo "2388"]
[BlackElo "2108"]
[WhiteEngine "stockfish_18012814_x64_modern_CTG"]
[BlackEngine "asmFishW_2017-12-20_base_CTG"]
[EventType "Swiss"]
[WhiteTeam ""]
[BlackTeam ""]
[PlyCount "106"]
[TimeControl "720+1"]

1. e4 e6 2. Nf3 d5 3. exd5 exd5 4. d4 Nf6 5. Bd3 Bd6 6. O-O O-O 7. Bg5 h6 
8. Bh4 c6 9. Nbd2 Bg4 10. h3 Bxf3 11. Qxf3 Nbd7 12. Rfe1 Qb6 13. c3 Rae8 
14. b4 a5 15. a3 Rxe1+ 16. Rxe1 Qa7 17. Bf5 axb4 18. axb4 Ra8 19. g4 Qb8 
20. g5 hxg5 21. Bxg5 Qc7 22. Kh1 Ne8 23. h4 g6 24. h5 Nf8 25. hxg6 fxg6 
26. Bg4 Qf7 27. Kg2 Ng7 28. Rh1 Qxf3+ 29. Nxf3 Nfe6 30. b5 Ra3 31. Rh6 Nxg5 
32. Nxg5 Bf4 33. Rxg6 Bxg5 34. Rxg5 Rxc3 35. Bc8 cxb5 36. Bxb7 b4 37. Rxd5 Kf8 
38. Rd6 Ke7 39. Rb6 Rc4 40. d5 Nf5 41. Ba6 Rd4 42. Kf3 Kd7 43. Ke2 Ne7 
44. Bb7 Nf5 45. Rf6 Rf4 46. Kd3 Kc7 47. Ba6 Rd4+ 48. Kc2 Ne7 49. d6+ Rxd6 
50. Rxd6 Kxd6 51. Bc4 b3+ 52. Bxb3 Nf5 53. Kd2 Ke5 1/2-1/2

[Event "Tuesday 30 January Rapid Engine Tour 12+1 Rounds 9 Starts 1600 ST"]
[Site "Infinity Chess"]
[Date "2018.1.30"]
[Round "5"]
[White "Thinker"]
[Black "Ryzen"]
[Result "1/2-1/2"]
[ECO "C50"]
[WhiteElo "2398"]
[BlackElo "2394"]
[WhiteEngine "stockfish_18013009_x64_modern_CTG"]
[BlackEngine "Houdini 6"]
[EventType "Swiss"]
[WhiteTeam ""]
[BlackTeam ""]
[PlyCount "144"]
[TimeControl "720+1"]

1. e4 e5 2. Nf3 Nc6 3. Bc4 Bc5 4. O-O Nf6 5. d3 d6 6. c3 a5 7. h3 O-O 8. Nbd2 h6 
9. Re1 Be6 10. a4 Bxc4 11. Nxc4 Re8 12. Be3 Bxe3 13. Nxe3 Qd7 14. Nh2 Nd8 
15. Nhg4 Nxg4 16. Qxg4 Qxg4 17. hxg4 Ne6 18. f3 Reb8 19. Red1 g6 20. Kf2 Kg7 
21. b3 c6 22. Kg3 Rd8 23. Rab1 d5 24. exd5 Nf4 25. Kf2 Nxd5 26. Nxd5 Rxd5 
27. Ke3 Rd6 28. Ke4 Rad8 29. b4 axb4 30. Rxb4 R8d7 31. a5 Rd5 32. Ra4 Rb5 
33. Rda1 Rb2 34. R4a2 Rb3 35. Rc2 Rd6 36. Ke3 Rd8 37. Raa2 Rd7 38. a6 bxa6 
39. Rxa6 Rd6 40. Ra5 Kf6 41. Ra4 Rb7 42. Rca2 Rb3 43. R2a3 Rb1 44. Ra1 Rb3 
45. Rc4 Rb5 46. g3 Rbd5 47. d4 Re6 48. Kd3 Rd8 49. Ra6 exd4 50. cxd4 Rc8 
51. Rc5 Kg7 52. f4 Re1 53. Raxc6 Rxc6 54. Rxc6 Rg1 55. d5 Rxg3+ 56. Kd4 Rxg4 
57. Ke5 Rg2 58. Rc5 h5 59. d6 Re2+ 60. Kd5 Rd2+ 61. Kc6 h4 62. d7 Kf6 
63. Kc7 Ke7 64. Re5+ Kf6 65. d8=Q+ Rxd8 66. Kxd8 h3 67. Kc8 h2 68. Re1 Kf5 
69. Rh1 Kxf4 70. Rxh2 f5 71. Rf2+ Kg4 72. Rg2+ Kh3 1/2-1/2

[Event "Tuesday 30 January Rapid Engine Tour 12+1 Rounds 9 Starts 1600 ST"]
[Site "Infinity Chess"]
[Date "2018.1.30"]
[Round "5"]
[White "angriff"]
[Black "IronMan"]
[Result "1/2-1/2"]
[ECO "A40"]
[WhiteElo "2426"]
[BlackElo "2410"]
[WhiteEngine "Stockfish SL FA POPCNT_CTG"]
[BlackEngine "Eman 1.68c 64-bit BMI2"]
[EventType "Swiss"]
[WhiteTeam ""]
[BlackTeam ""]
[PlyCount "103"]
[TimeControl "720+1"]

1. d4 e6 2. c4 Nf6 3. Nf3 d5 4. Nc3 dxc4 5. e4 Bb4 6. Bg5 c5 7. Bxc4 h6 
8. Bxf6 Qxf6 9. O-O cxd4 10. e5 Qd8 11. Nxd4 O-O 12. Rc1 Bd7 13. Qg4 Qa5 
14. Rfe1 Nc6 15. Nb3 Qb6 16. Bd3 Ne7 17. Re3 Bxc3 18. bxc3 Nf5 19. Bxf5 exf5 
20. Qf4 Rac8 21. h3 Rfd8 22. Nd4 Qb2 23. Rc2 Qb1+ 24. Kh2 Be6 25. Rd2 g5 
26. Qf3 f4 27. Red3 Bc4 28. Rd1 Qb6 29. R3d2 Rc5 30. Re1 Rc7 31. Qd1 Rcd7 
32. a3 Qg6 33. g3 fxg3+ 34. fxg3 Qf5 35. Rg2 b5 36. Qh5 Qg6 37. Qxg6+ fxg6 
38. h4 Re8 39. hxg5 hxg5 40. g4 Rde7 41. e6 Bxe6 42. Rge2 Kf7 43. Nc6 Rh8+ 
44. Kg3 Ree8 45. Nxa7 Rh4 46. Nxb5 Rxg4+ 47. Kf2 Kf6 48. Nd4 Rf4+ 49. Kg1 Rg4+ 
50. Kf2 Rf4+ 51. Kg1 Rg4+ 52. Kf2 1/2-1/2

[Event "Tuesday 30 January Rapid Engine Tour 12+1 Rounds 9 Starts 1600 ST"]
[Site "Infinity Chess"]
[Date "2018.1.30"]
[Round "5"]
[White "KULLANI"]
[Black "BraveDevil"]
[Result "1/2-1/2"]
[ECO "C55"]
[WhiteElo "2426"]
[BlackElo "2429"]
[WhiteEngine "BrainFish_180124_x64_CTG"]
[BlackEngine "Cryptic AIL V2"]
[EventType "Swiss"]
[WhiteTeam ""]
[BlackTeam ""]
[PlyCount "183"]
[TimeControl "720+1"]

1. e4 e5 2. Nf3 Nc6 3. Bc4 Nf6 4. d3 Be7 5. O-O d6 6. c3 O-O 7. a4 Be6 
8. Bxe6 fxe6 9. b4 Qe8 10. Be3 Ng4 11. Bd2 Qg6 12. Na3 Nf6 13. Nc4 Nd7 
14. b5 Nd8 15. Qe2 a6 16. Rfe1 Nf7 17. h3 Bf6 18. Na5 Rfb8 19. Nb3 h6 
20. Red1 Be7 21. Rdc1 Rc8 22. Re1 Rcb8 23. Rec1 Rc8 24. Re1 Rcb8 25. Reb1 axb5 
26. axb5 Rf8 27. Re1 Kh7 28. Na5 Rfb8 29. c4 Ng5 30. Nxg5+ Bxg5 31. Bb4 Ra7 
32. Nb3 Rba8 33. Rxa7 Rxa7 34. Ra1 Rxa1+ 35. Nxa1 Qe8 36. Nb3 Be7 37. Qc2 c6 
38. bxc6 bxc6 39. Na5 c5 40. Be1 Nf6 41. Bd2 Bd8 42. Qb3 Bxa5 43. Bxa5 Qd7 
44. Kf1 Qa7 45. Qb5 Kg6 46. Ke2 Kf7 47. g3 Ke7 48. h4 Ng4 49. Kf1 Nh2+ 
50. Kg2 Ng4 51. Kf3 Nh2+ 52. Kg2 Ng4 53. Kg1 Kf8 54. Kf1 Nh2+ 55. Kg2 Ng4 
56. Kg1 Kg8 57. Kg2 Kf8 58. Kg1 Kg8 59. Qa4 Kf7 60. Kg2 Kf8 61. Kf3 Nh2+ 
62. Kg2 Ng4 63. Qa2 Ke8 64. Qd2 Ke7 65. Kf1 Nf6 66. Qa2 Kf8 67. Qa4 Ng4 
68. Qb5 Nh2+ 69. Ke2 Kg8 70. Qb6 Qf7 71. Qxd6 Qf3+ 72. Kd2 Qxf2+ 73. Kc1 Qxg3 
74. Qxe6+ Kh7 75. Qf5+ Kh8 76. Qf8+ Kh7 77. Qxc5 Qxd3 78. Qxe5 Qxc4+ 
79. Bc3 Qf1+ 80. Kb2 Qf2+ 81. Kc1 Qe3+ 82. Kb1 Qb6+ 83. Ka1 Qa7+ 84. Kb1 Qg1+ 
85. Ka2 Qf2+ 86. Kb3 Qb6+ 87. Ka2 Qf2+ 88. Kb3 Qb6+ 89. Ka2 Qa6+ 90. Kb1 Qf1+ 
91. Kb2 Qf2+ 92. Kb3 1/2-1/2

[Event "Tuesday 30 January Rapid Engine Tour 12+1 Rounds 9 Starts 1600 ST"]
[Site "Infinity Chess"]
[Date "2018.1.30"]
[Round "5"]
[White "RonWeasley"]
[Black "KhalidOmar"]
[Result "1-0"]
[ECO "B97"]
[WhiteElo "2450"]
[BlackElo "2443"]
[WhiteEngine "BrainFish 060118_CTG"]
[BlackEngine "Eman 1.68c 64-bit BMI2"]
[EventType "Swiss"]
[WhiteTeam ""]
[BlackTeam ""]
[PlyCount "126"]
[TimeControl "720+1"]

1. e4 c5 2. Nf3 d6 3. d4 cxd4 4. Nxd4 Nf6 5. Nc3 a6 6. Bg5 e6 7. f4 Qb6 
8. Qd2 Qxb2 9. Rb1 Qa3 10. e5 h6 11. Bh4 dxe5 12. fxe5 Nfd7 13. Ne4 Qxa2 
14. Rd1 Qd5 15. Qe3 Bc5 16. Nxe6 Bb4+ 17. c3 Qxe6 18. cxb4 O-O 19. Rd6 Qxe5 
20. Bc4 Qh5 21. Bg3 Ne5 22. Bxe5 Qxe5 23. O-O Nc6 24. Rd5 Qb2 25. Nf6+ Kh8 
26. Kh1 Ne7 27. Qxe7 Be6 28. Rh5 Qc2 29. Bd5 Qd3 30. Rg1 Rad8 31. Bxe6 fxe6 
32. Rh3 Qf5 33. Nh5 Qf7 34. Qh4 Qf2 35. Qg4 Qd4 36. Rg3 Qxg4 37. Rxg4 Rf5 
38. Nf4 Rd6 39. Rc1 e5 40. Ne2 Rd2 41. Rc8+ Kh7 42. Rc7 Rg5 43. Re4 Rd1+ 
44. Ng1 Rd4 45. Rxd4 exd4 46. Rd7 d3 47. Rxd3 Rg4 48. Rb3 Rc4 49. h3 Kg6 
50. Nf3 Kf6 51. Kg1 b6 52. Kf2 Rc2+ 53. Kg3 Re2 54. Ra3 Re4 55. Rxa6 Rxb4 
56. Ra7 Rc4 57. Rd7 Rb4 58. Rd6+ Ke7 59. Rc6 Kf8 60. h4 b5 61. Rb6 Re4 
62. Rxb5 Kf7 63. h5 Re3 1-0

[Event "Tuesday 30 January Rapid Engine Tour 12+1 Rounds 9 Starts 1600 ST"]
[Site "Infinity Chess"]
[Date "2018.1.30"]
[Round "5"]
[White "Marsell"]
[Black "hafaba"]
[Result "1/2-1/2"]
[ECO "B00"]
[WhiteElo "2463"]
[BlackElo "2451"]
[WhiteEngine "asmFishW_2018-01-11_popcnt"]
[BlackEngine "SF SL FA 26012018 POPCNT_CTG"]
[EventType "Swiss"]
[WhiteTeam ""]
[BlackTeam ""]
[PlyCount "115"]
[TimeControl "720+1"]

1. e4 Nc6 2. d4 d5 3. e5 Bf5 4. c3 e6 5. Nd2 Qd7 6. Be2 f6 7. f4 g5 8. Ndf3 gxf4 
9. Bb5 a6 10. Bxc6 Qxc6 11. Bxf4 h5 12. Ne2 h4 13. O-O Be7 14. Qe1 Qb5 
15. exf6 Nxf6 16. Nxh4 Bd3 17. Be5 Ne4 18. Bxh8 Bxe2 19. Rf4 Bg5 20. Ng6 O-O-O 
21. Be5 Qxb2 22. Rf7 Be3+ 23. Kh1 Nf2+ 24. Rxf2 Bxf2 25. Qc1 Qxc1+ 26. Rxc1 Bc4 
27. Rc2 Be3 28. Bf4 Bd3 29. Rb2 Bxf4 30. Nxf4 Bf5 31. h3 e5 32. dxe5 d4 
33. cxd4 Rxd4 34. Ne2 Ra4 35. g4 Be6 36. Kg2 a5 37. Nc3 Rc4 38. Ne2 Ra4 
39. Kf3 Rxa2 40. Rxa2 Bxa2 41. h4 a4 42. g5 a3 43. Nc1 Bb1 44. h5 Kd7 45. g6 b5 
46. Kf4 b4 47. Kg5 a2 48. Nxa2 Bxa2 49. Kf6 Bd5 50. e6+ Bxe6 51. h6 b3 52. h7 b2 
53. h8=Q b1=Q 54. Qg7+ Kc8 55. Kxe6 Qe4+ 56. Kf6 Qf4+ 57. Ke6 Qd6+ 58. Kf5 
1/2-1/2

[Event "Tuesday 30 January Rapid Engine Tour 12+1 Rounds 9 Starts 1600 ST"]
[Site "Infinity Chess"]
[Date "2018.1.30"]
[Round "5"]
[White "Eman"]
[Black "Wolle"]
[Result "1/2-1/2"]
[ECO "D11"]
[WhiteElo "2475"]
[BlackElo "2468"]
[WhiteEngine "Eman 1.68c 64-bit POPCNT"]
[BlackEngine "Raubfisch X37a2_CTG"]
[EventType "Swiss"]
[WhiteTeam ""]
[BlackTeam ""]
[PlyCount "123"]
[TimeControl "720+1"]

1. d4 d5 2. c4 c6 3. Nf3 Nf6 4. e3 e6 5. Nbd2 c5 6. cxd5 exd5 7. b3 Nc6 
8. Bb2 a6 9. Be2 Bd6 10. dxc5 Bxc5 11. Rc1 Bd6 12. O-O Qe7 13. Qc2 O-O 
14. Rfd1 Be6 15. Ng5 Ne5 16. Ndf3 Rac8 17. Qb1 Rxc1 18. Rxc1 h6 19. Nxe6 Nxf3+ 
20. Bxf3 fxe6 21. h3 Qf7 22. Qc2 Qe7 23. e4 Nxe4 24. Bxe4 dxe4 25. Qxe4 Bc5 
26. Bd4 Bxd4 27. Qxd4 Qf6 28. Qe3 e5 29. Rd1 Qf4 30. Qc5 e4 31. Qd5+ Kh7 
32. Qd2 Qe5 33. Qd4 Qe6 34. Re1 Re8 35. Re3 Qc6 36. g3 b5 37. Rc3 Qb7 
38. Re3 Qc6 39. h4 Re7 40. Kg2 Kg6 41. Qb4 Re8 42. a4 bxa4 43. bxa4 Kh7 
44. Rc3 Qd5 45. Qb3 Rd8 46. Qxd5 Rxd5 47. g4 Rd4 48. a5 Rd5 49. Rc4 Rxa5 
50. Rb4 Re5 51. Ra4 a5 52. h5 g6 53. hxg6+ Kxg6 54. Kg3 e3 55. fxe3 Rxe3+ 
56. Kf2 Re5 57. Kg2 Rb5 58. Kh3 h5 59. gxh5+ Kxh5 60. Kg3 Kg5 61. Kf3 Re5 
62. Re4 1/2-1/2

[Event "Tuesday 30 January Rapid Engine Tour 12+1 Rounds 9 Starts 1600 ST"]
[Site "Infinity Chess"]
[Date "2018.1.30"]
[Round "5"]
[White "KRAKEN"]
[Black "Katzenmaier"]
[Result "1/2-1/2"]
[ECO "E73"]
[WhiteElo "2483"]
[BlackElo "2472"]
[WhiteEngine "Raubfisch ME262_GTZ16c_CTG"]
[BlackEngine "SugaR XPrO x64 POPCNT"]
[EventType "Swiss"]
[WhiteTeam ""]
[BlackTeam ""]
[PlyCount "131"]
[TimeControl "720+1"]

1. d4 Nf6 2. c4 g6 3. Nc3 Bg7 4. e4 d6 5. Be2 O-O 6. Nf3 e5 7. O-O Nc6 8. d5 Ne7 
9. Ne1 Ne8 10. f3 f5 11. Be3 f4 12. Bf2 g5 13. c5 Rf7 14. a4 dxc5 15. Bxc5 b6 
16. Ba3 Nd6 17. Nd3 a5 18. Rc1 Ng6 19. b3 Bf8 20. Bb2 Qf6 21. Rc2 Bd7 
22. Nf2 Qd8 23. Nb1 Nb7 24. Na3 Nc5 25. Rc3 h5 26. Nc4 Bd6 27. Ba3 Rg7 
28. h3 Qe7 29. Qd2 Rf8 30. Rfc1 g4 31. fxg4 hxg4 32. hxg4 f3 33. Bxf3 Qh4 
34. Nxd6 cxd6 35. Bxc5 bxc5 36. Rf1 Nf4 37. Bd1 Qh6 38. Re3 Bc8 39. Qxa5 Qf6 
40. b4 cxb4 41. Rb3 Rb7 42. Qa6 Rc7 43. Qa5 Rc5 44. Qa8 Qh6 45. Rf3 Rc1 
46. Qa7 b3 47. Nd3 Rxd1 48. Rxd1 Bxg4 49. Rxf4 exf4 50. Rd2 Re8 51. Rf2 f3 
52. gxf3 Bh3 53. Re2 Rf8 54. Qe3 Qg7+ 55. Kf2 Bg4 56. Ne1 b2 57. Qb6 Bxf3 
58. Nxf3 Qc3 59. Qxb2 Rxf3+ 60. Kg2 Rg3+ 61. Kh1 Rh3+ 62. Kg1 Rg3+ 63. Kh1 Rh3+ 
64. Kg1 Rg3+ 65. Kh2 Rh3+ 66. Kg1 1/2-1/2

[Event "Tuesday 30 January Rapid Engine Tour 12+1 Rounds 9 Starts 1600 ST"]
[Site "Infinity Chess"]
[Date "2018.1.30"]
[Round "5"]
[White "Neoxium"]
[Black "Vimtiroba"]
[Result "1/2-1/2"]
[ECO "D30"]
[WhiteElo "2487"]
[BlackElo "2462"]
[WhiteEngine "Stockfish SL FA PB BMI2"]
[BlackEngine "Corchess 2.0a_CTG"]
[EventType "Swiss"]
[WhiteTeam ""]
[BlackTeam ""]
[PlyCount "129"]
[TimeControl "720+1"]

1. d4 d5 2. c4 e6 3. Nf3 Nf6 4. Nc3 c6 5. e3 Nbd7 6. Qc2 Bd6 7. Bd3 O-O 
8. O-O dxc4 9. Bxc4 a6 10. Rd1 b5 11. Be2 Qc7 12. e4 e5 13. dxe5 Nxe5 
14. h3 Nxf3+ 15. Bxf3 Re8 16. Bg5 Be6 17. Ne2 Rad8 18. Nd4 c5 19. Bxf6 gxf6 
20. Nxe6 fxe6 21. Bh5 Re7 22. Rac1 c4 23. b3 Ra8 24. Bf3 Bh2+ 25. Kh1 Bf4 
26. e5 Rf8 27. exf6 Rxf6 28. Qc3 Rf8 29. Rc2 Be5 30. Qe1 c3 31. a3 a5 
32. b4 axb4 33. axb4 Bg7 34. Re2 Kh8 35. Be4 Qc4 36. Bc2 Qxb4 37. Re4 Qc5 
38. Rxe6 Rxe6 39. Qxe6 Qc4 40. Qxc4 bxc4 41. Kg1 Rb8 42. Kf1 Bf6 43. f4 Rb2 
44. Rc1 Ra2 45. Ke2 Be7 46. Kd1 Kg7 47. g3 Bc5 48. Rb1 Ra7 49. Rb5 Rd7+ 
50. Ke1 Be3 51. Re5 Bd2+ 52. Kf2 Bc1 53. Re4 Rd2+ 54. Re2 Rd3 55. h4 Ba3 
56. g4 Bd6 57. Ke1 Rd4 58. g5 Rxf4 59. h5 Rg4 60. h6+ Kg8 61. Re4 Rxe4+ 
62. Bxe4 c2 63. Bxc2 Be7 64. g6 hxg6 65. Bxg6 1/2-1/2

[Event "Tuesday 30 January Rapid Engine Tour 12+1 Rounds 9 Starts 1600 ST"]
[Site "Infinity Chess"]
[Date "2018.1.30"]
[Round "5"]
[White "MCDermont"]
[Black "MarioDeMonti"]
[Result "1/2-1/2"]
[ECO "B97"]
[WhiteElo "2496"]
[BlackElo "2475"]
[WhiteEngine "BrainFish 060118_CTG"]
[BlackEngine "stockfish_x64_bmi2_2018_01_23_CTG"]
[EventType "Swiss"]
[WhiteTeam ""]
[BlackTeam ""]
[PlyCount "78"]
[TimeControl "720+1"]

1. e4 c5 2. Nf3 d6 3. d4 cxd4 4. Nxd4 Nf6 5. Nc3 a6 6. Bg5 e6 7. f4 Qb6 
8. Qd2 Qxb2 9. Rb1 Qa3 10. e5 h6 11. Bh4 dxe5 12. fxe5 g5 13. exf6 gxh4 
14. Be2 Qa5 15. O-O Nd7 16. Kh1 Qg5 17. Rf4 e5 18. Nd5 exd4 19. Qxd4 Bc5 
20. Qe4+ Kd8 21. Rf5 Re8 22. Qxe8+ Kxe8 23. Rxg5 hxg5 24. Nc7+ Kd8 25. Nxa8 Nxf6 
26. Bf3 b5 27. Rd1+ Ke7 28. Nc7 g4 29. Ba8 b4 30. Nd5+ Nxd5 31. Rxd5 Bb6 
32. Rh5 h3 33. Be4 Kd6 34. Rd5+ Ke6 35. gxh3 gxh3 36. Rh5 Kd6 37. Rd5+ Ke6 
38. Bf3 Ke7 39. Be4 Ke6 1/2-1/2

[Event "Tuesday 30 January Rapid Engine Tour 12+1 Rounds 9 Starts 1600 ST"]
[Site "Infinity Chess"]
[Date "2018.1.30"]
[Round "5"]
[White "tris77"]
[Black "SkyPilot"]
[Result "1/2-1/2"]
[ECO "B50"]
[WhiteElo "2408"]
[BlackElo "2505"]
[WhiteEngine "stockfish_18012814_x64_modern_CTG"]
[BlackEngine "stockfish_x64_bmi2_2018_01_23_CTG"]
[EventType "Swiss"]
[WhiteTeam ""]
[BlackTeam ""]
[PlyCount "115"]
[TimeControl "720+1"]

1. e4 c5 2. Nf3 d6 3. Nc3 a6 4. d4 cxd4 5. Nxd4 Nf6 6. Be3 e5 7. Nb3 Be6 
8. f3 h5 9. Nd5 Bxd5 10. exd5 Nbd7 11. Be2 g6 12. Qd2 Bg7 13. O-O b6 14. c4 O-O 
15. h3 Re8 16. Rae1 Qc7 17. Rd1 Nc5 18. Nxc5 bxc5 19. Rde1 a5 20. Qc2 e4 
21. f4 Nh7 22. f5 Rab8 23. b3 a4 24. Bd1 axb3 25. axb3 Qe7 26. Kh1 Bd4 
27. Qd2 Bxe3 28. Qxe3 Qe5 29. fxg6 fxg6 30. Qh6 Qg7 31. Qc1 Re5 32. Rf4 Nf6 
33. Qd2 Rbe8 34. Ref1 Rf8 35. Qe1 e3 36. Be2 Qe7 37. b4 cxb4 38. Qxb4 Kg7 
39. Qb2 Nd7 40. g3 Kg8 41. Rxf8+ Nxf8 42. g4 hxg4 43. hxg4 Nd7 44. Kg2 Re4 
45. Qa1 Ne5 46. Kg3 g5 47. Qa8+ Kg7 48. Qa1 Kg8 49. Qa8+ Kg7 50. Qa1 Kh6 
51. Rh1+ Kg7 52. Rh7+ Kxh7 53. Qh1+ Kg7 54. Qxe4 Qa7 55. Qf5 Qe7 56. Qe4 Qa7 
57. Qf5 Qe7 58. Qe4 1/2-1/2

[Event "Tuesday 30 January Rapid Engine Tour 12+1 Rounds 9 Starts 1600 ST"]
[Site "Infinity Chess"]
[Date "2018.1.30"]
[Round "4"]
[White "aficionado"]
[Black "ludimilojko"]
[Result "0-1"]
[ECO "C50"]
[WhiteElo "2181"]
[BlackElo "2289"]
[WhiteEngine "asmFishW_2017-12-20_base_CTG"]
[BlackEngine "corchess_x64_CTG"]
[EventType "Swiss"]
[WhiteTeam ""]
[BlackTeam ""]
[PlyCount "122"]
[TimeControl "720+1"]

1. e4 e5 2. Nf3 Nc6 3. Bc4 Bc5 4. O-O Nf6 5. d3 d6 6. c3 a5 7. Bg5 Ba7 
8. Nbd2 h6 9. Bh4 g5 10. Bg3 O-O 11. Bb3 Nh7 12. Kh1 Qf6 13. Nc4 Qg7 14. Ne3 Nf6 
15. a4 Kh8 16. Nd2 Qg6 17. Qe2 Bd7 18. Bc2 Be6 19. Ndc4 Rg8 20. Na3 h5 21. f3 h4 
22. Bf2 Nh5 23. Nb5 Bxe3 24. Qxe3 Rac8 25. d4 Ne7 26. dxe5 dxe5 27. Na7 Rcd8 
28. Nb5 c6 29. Nc7 Bc8 30. Na8 Qf6 31. Nb6 Be6 32. Rad1 Ng6 33. Rxd8 Rxd8 
34. Rd1 Nhf4 35. Rxd8+ Qxd8 36. Qe1 g4 37. fxg4 h3 38. g3 Nd3 39. Qf1 Nxf2+ 
40. Qxf2 Nf8 41. b3 Kg7 42. Qe3 Qe7 43. Kg1 Qa3 44. Bd3 Bxb3 45. Bf1 Ne6 
46. Kf2 Bxa4 47. Nc4 Qa2+ 48. Qe2 Qb1 49. Nxe5 Bb5 50. c4 a4 51. cxb5 a3 
52. Qf3 Qb2+ 53. Kg1 Qd4+ 54. Kh1 Qxe5 55. Qxa3 Qxe4+ 56. Kg1 Qd4+ 57. Kh1 Qe4+ 
58. Kg1 Qd4+ 59. Kh1 cxb5 60. Qd3 Qxd3 61. Bxd3 b4 0-1

[Event "Tuesday 30 January Rapid Engine Tour 12+1 Rounds 9 Starts 1600 ST"]
[Site "Infinity Chess"]
[Date "2018.1.30"]
[Round "4"]
[White "Paul"]
[Black "star99"]
[Result "1/2-1/2"]
[ECO "E17"]
[WhiteElo "2409"]
[BlackElo "2376"]
[WhiteEngine "Stockfish dev_CTG"]
[BlackEngine "Cryptic AIL V2"]
[EventType "Swiss"]
[WhiteTeam ""]
[BlackTeam ""]
[PlyCount "113"]
[TimeControl "720+1"]

1. d4 Nf6 2. c4 e6 3. Nf3 b6 4. g3 Bb7 5. Bg2 Be7 6. O-O O-O 7. b3 d5 
8. cxd5 exd5 9. Bb2 Nbd7 10. Ne5 c5 11. Nd2 Re8 12. Rc1 cxd4 13. Nd3 Ne4 
14. Bxd4 Nf8 15. Nf4 Ng6 16. Nxg6 hxg6 17. Nxe4 dxe4 18. Be3 Bf6 19. Qxd8 Raxd8 
20. Rc7 Re7 21. Rfc1 Kf8 22. Bh3 Be5 23. R7c2 f6 24. Bc8 Bb2 25. Rxb2 Bxc8 
26. h4 Bh3 27. Kh2 Bg4 28. Kg2 Red7 29. f3 exf3+ 30. exf3 Be6 31. Rbc2 Rd3 
32. Kf2 Re8 33. Bf4 Rd7 34. Rc7 Ree7 35. Rxd7 Rxd7 36. Rc6 Kf7 37. g4 Bd5 
38. Rc3 Ke7 39. Rd3 Be6 40. Rxd7+ Kxd7 41. Kg3 a5 42. Bd2 a4 43. bxa4 Bxa2 
44. Be3 Kc7 45. Bd4 Bb3 46. Kf4 Bxa4 47. g5 b5 48. gxf6 gxf6 49. Bxf6 b4 
50. Kg5 Bc2 51. Be5+ Kd7 52. f4 Ke6 53. Bb2 b3 54. Bd4 Bb1 55. Ba1 Kd5 
56. h5 gxh5 57. Kxh5 1/2-1/2

[Event "Tuesday 30 January Rapid Engine Tour 12+1 Rounds 9 Starts 1600 ST"]
[Site "Infinity Chess"]
[Date "2018.1.30"]
[Round "4"]
[White "Satria_Ungu"]
[Black "Thinker"]
[Result "1/2-1/2"]
[ECO "A46"]
[WhiteElo "2374"]
[BlackElo "2399"]
[WhiteEngine "Houdini 6_CTG"]
[BlackEngine "stockfish_18013009_x64_modern_CTG"]
[EventType "Swiss"]
[WhiteTeam ""]
[BlackTeam ""]
[PlyCount "109"]
[TimeControl "720+1"]

1. d4 Nf6 2. Nf3 d5 3. e3 e6 4. c4 c6 5. b3 c5 6. Nbd2 cxd4 7. exd4 Nc6 
8. Bb2 Bd6 9. a3 b6 10. Bd3 Bb7 11. Qe2 O-O 12. O-O Rc8 13. Rac1 Ne7 14. g3 Nf5 
15. Ne5 h6 16. Rfe1 Re8 17. Rcd1 Nh7 18. h4 Nf6 19. Qf1 a5 20. Ndf3 Ne4 
21. cxd5 exd5 22. Nd2 Qc7 23. Nxe4 dxe4 24. Bb1 Rcd8 25. Qc4 Re7 26. Qc1 f6 
27. Ng6 Ree8 28. Qxc7 Bxc7 29. h5 b5 30. g4 Nd6 31. d5 a4 32. bxa4 Bc8 
33. Bc3 Bxg4 34. Rc1 bxa4 35. Bxf6 gxf6 36. Rxc7 Rd7 37. Rxd7 Bxd7 38. Kh2 Kf7 
39. Kg3 Bf5 40. Kf4 Bxg6 41. hxg6+ Kg7 42. f3 exf3 43. Rxe8 f2 44. Re7+ Kf8 
45. Bd3 Kxe7 46. Kg4 f5+ 47. Kh5 Kf6 48. Kxh6 Ne8 49. d6 Nxd6 50. g7 Nf7+ 
51. Kh7 Ng5+ 52. Kh8 Nf7+ 53. Kh7 Ng5+ 54. Kh8 Nf7+ 55. Kh7 1/2-1/2